 Dungeon Crawl Stone Soup version 0.20-a0-876-g2c7b0bf (webtiles) character file.

74 Dfrag the Firebug (level 4, 0/31 HPs)
             Began as a Demonspawn Fire Elementalist on Mar 15, 2017.
             Slain by a worm (12 damage)
             ... on level 2 of the Dungeon.
             The game lasted 00:03:06 (1009 turns).

Dfrag the Firebug (Demonspawn Fire Elementalist)    Turns: 1009, Time: 00:03:07

Health: 0/31       AC:  4    Str:  9    XL:     4   Next: 9%
Magic:  2/8        EV: 12    Int: 19    God:
Gold:   124        SH:  0    Dex: 13    Spells: 7/8 levels left

rFire    . . .     SeeInvis .   (no weapon)
rCold    . . .     Gourm    .   a - +0 robe
rNeg     . . .     Faith    .   (no shield)
rPois    .         Spirit   .   (no helmet)
rElec    .         Reflect  .   (no cloak)
rCorr    .         Harm     .   (no gloves)
MR       .....                  (no boots)
Stlth    ++........             i - amulet of regeneration
Regen    0.5/turn               (no ring)
MPRegen  0.2/turn               h - +2 ring of intelligence

@: no status effects
A: rugged brown scales 2
a: no special abilities


You were on level 2 of the Dungeon.
You were not hungry.

You visited 1 branch of the dungeon, and saw 2 of its levels.

You collected 124 gold pieces.

Inventory:

Armour
 a - a +0 robe (worn)
Jewellery
 h - a +2 ring of intelligence (left hand)
 i - an amulet of regeneration (around neck)
Scrolls
 d - 3 scrolls of enchant weapon {unknown}
 g - a scroll of teleportation {unknown}
 k - a scroll of amnesia {unknown}
 m - 2 scrolls of identify {unknown}
 o - a scroll of fog {unknown}
Potions
 e - 3 potions of curing {unknown}
 f - a potion of brilliance {unknown}
 p - a potion of might {unknown}
Books
 b - a book of Flames

   Spells                             Type                      Level
   a - Flame Tongue                   Conjuration/Fire             1
   b - Throw Flame                    Conjuration/Fire             2
   c - Conjure Flame                  Conjuration/Fire             3
   d - Inner Flame                    Hexes/Fire                   3
   e - Sticky Flame                   Conjuration/Fire             4
   f - Fireball                       Conjuration/Fire             5
Comestibles
 c - a bread ration
 l - 4 fruits
 n - 2 royal jellies


   Skills:
 - Level 1.7 Dodging
 - Level 1.7 Stealth
 + Level 2.7 Spellcasting
 + Level 2.2 Conjurations
 + Level 3.5 Fire Magic


You had 7 spell levels left.
You knew the following spells:

 Your Spells              Type           Power        Failure   Level  Hunger
a - Flame Tongue          Conj/Fire      ##...        6%          1    None


Dungeon Overview and Level Annotations

Branches:
Dungeon (2/15)

Altars:
Kikubaaqudgha
Okawaru


Innate Abilities, Weirdness & Mutations

You are mostly covered in rugged brown scales. (AC +2, +5% HP)


Message History

The worm bites you.
You hit the worm but do no damage.
The worm is lightly wounded.
The worm bites you!
You hit the worm.
The worm is lightly wounded.
You hit the worm.
The worm is moderately wounded.
The worm barely misses you.
You hit the worm.
The worm is moderately wounded.
Casting: Flame Tongue
Confirm with . or Enter, or press ? or * to list all spells.
Aiming: Flame Tongue
Press: ? - help, Shift-Dir - straight line, f - worm
Aim: a worm (moderately wounded)
The flame tongue hits the worm.
The worm is severely wounded.
The worm bites you!
You die...

#. .#.# #
#. .#.# .
. #.#.
.#.##.
#.#.#.#
.....
#.(...
...#
##....
...
#....h#r#
... #w#
#.# #@#
#.# #.#
#.# #.#
#.###.#
#.)...#
#.#####
#.# #.#
#.#


You could see a worm, a jackal and a rat.

Vanquished Creatures
  Terence (D:2)
  A worm (D:2)
  3 dart slugs (D:1)
  A leopard gecko (D:1)
  3 goblins (D:2)
  3 hobgoblins
  3 jackals (D:2)
  A quokka (D:2)
  A ball python (D:2)
  8 bats
  4 frilled lizards (D:1)
  10 kobolds
  4 rats
43 creatures vanquished.

Notes
Turn   | Place    | Note
-------+----------+-------------------------------------------
     0 | D:1      | Dfrag the Demonspawn Fire Elementalist began the quest for the Orb.
     0 | D:1      | Reached XP level 1. HP: 13/13 MP: 3/3
    87 | D:1      | Reached skill level 3 in Fire Magic
   105 | D:1      | Gained mutation: You are partially covered in rugged brown scales. (AC +1, +3% HP) [demonic ancestry]
   105 | D:1      | Reached XP level 2. HP: 9/19 MP: 1/5
   542 | D:1      | Reached XP level 3. HP: 24/24 MP: 4/6
   645 | D:2      | Found an iron altar of Okawaru.
   803 | D:2      | Found an ancient bone altar of Kikubaaqudgha.
   944 | D:2      | Noticed Terence
   955 | D:2      | Killed Terence
   955 | D:2      | Gained mutation: You are mostly covered in rugged brown scales. (AC +2, +5% HP) [demonic ancestry]
   955 | D:2      | Reached XP level 4. HP: 22/31 MP: 0/8
  1009 | D:2      | Slain by a worm

Vault maps used:
D:1:      lightli_arrival_flooded_house, minmay_tetromino_s4
D:2:      minmay_kobold_bridge, lemuel_doored_altar, lemuel_statue_altar,
          uniq_terence

Skill      XL: |  1  2  3 |
---------------+----------+-----
Fire Magic     | 3 |  3.5
Conjurations   | 2 |  2.2
Dodging        | |  1.7
Stealth        | |  1.7
Spellcasting   | |  2.7

Action                   |  1- 3 |  4- 6 || total
-------------------------+-------+-------++-------
Melee: Unarmed           |    73 |    39 ||   112
 Cast: Flame Tongue      |    65 |     5 ||    70
  Eat: Chunk             |     1 |       ||     1
Armor: Robe              |    27 |    12 ||    39
Dodge: Dodged            |    84 |    27 ||   111
